AoeStats
← nikias.marquardt

Arena

510158368Analyzed
4v4 RM · 2d ago on Sep 29, 2026· 33m 59s· 8 players
Game mode
Random Map
Map size
Large (8 player)
Population
200
Speed
Normal
Resources
Standard
Victory
Conquest
Starting age
Dark Age
Ending age
Imperial Age
RankedLock teamsTeams togetherTeam positionsShared explorationLock speedFull tech treeHidden civsTurbo modeCheats
Victory
Defeat
🇩🇪 Saracens · Germany
1340
+16
🇩🇪 Varangians · Germany
1324
+17
🇮🇳 Magyars · India
1315
+17
🇩🇪 Turks · Germany
1263
+20
🇲🇽 Aztecs · Mexico
1349
-17
🇬🇧 Saxons · United Kingdom
1345
-18
🇧🇷 Ethiopians · Brazil
1343
-18
🇷🇺 Portuguese · Russia
1341
-17
w h i z.
11:35 Feudal Age
15:40 Castle Age
13:41 Double-Bit Axe
13:49 Horse Collar
21:57 Imperial Age
20:25 Padded Archer Armor
25:14 Devotion
27:38 Bow Saw
32:00 Two-Man Saw
31:02 Heavy Plow
32:51 Wheelbarrow
32:02 Loom
nikias.marquardt
10:56 Feudal Age
9:16 Loom
14:42 Castle Age
13:09 Double-Bit Axe
13:31 Horse Collar
23:26 Scale Barding Armor
24:50 Chain Barding Armor
26:43 Bloodlines
27:53 Wheelbarrow
31:55 Imperial Age
31:52 Forging
32:14 Spies/Treason
NUR
10:29 Feudal Age
11:26 Double-Bit Axe
14:07 Castle Age
13:55 Wheelbarrow
13:47 Horse Collar
15:09 Wheelbarrow
16:33 Heavy Plow
16:58 Bow Saw
16:55 Heavy Plow
21:49 Loom
22:59 Fletching
23:10 Padded Archer Armor
25:47 Hand Cart
28:57 Imperial Age
26:14 Town Watch
27:11 Gold Mining
27:13 Stone Mining
27:58 Hand Cart
28:51 Gold Shaft Mining
28:40 Treadmill Crane
30:59 Town Patrol
30:59 Spies/Treason
danntheman
10:34 Feudal Age
15:19 Castle Age
13:29 Double-Bit Axe
13:51 Horse Collar
16:35 Bow Saw
18:02 Bloodlines
17:53 Gold Mining
19:17 Wheelbarrow
19:50 Scale Barding Armor
20:08 Husbandry
21:46 Town Watch
23:04 Forging
23:41 Heavy Plow
24:47 Chain Barding Armor
25:41 Iron Casting
26:53 Hand Cart
27:48 Devotion
33:21 Imperial Age
31:43 Stone Mining
35:12 Plate Barding Armor
33:59 Cavalier
Oliver
5:51 Loom
9:11 Feudal Age
15:50 Castle Age
14:51 Double-Bit Axe
15:25 Horse Collar
17:21 Scale Mail Armor
18:09 Gold Mining
21:01 Forging
22:17 Squires
24:28 Chain Mail Armor
24:20 Arson
24:21 Gambesons
spirrulina
9:20 Feudal Age
8:58 Loom
13:32 Castle Age
19:42 Fletching
21:53 Double-Bit Axe
TacoLgando
9:17 Feudal Age
8:38 Loom
15:04 Castle Age
13:36 Double-Bit Axe
14:40 Horse Collar
16:08 Town Watch
16:43 Gold Mining
17:37 Redemption
19:37 Sanctity
23:01 Fletching
23:25 Elite Skirmisher
24:56 Bodkin Arrow
dionathanbh
10:46 Feudal Age
15:16 Castle Age
Connection lost

Rejoining the realm…

Still unreachable

The connection could not be restored.

Session expired

The server has moved on; the page needs a fresh start.